AoeStats
← RoR | Vodka_L_2

Arabia

510405184Analyzed
1v1 RM · 24h ago on Sep 30, 2026· 28m 23s· 2 players
Game mode
Random Map
Map size
Tiny (2 player)
Population
200
Speed
Normal
Resources
Standard
Victory
Conquest
Starting age
Dark Age
Ending age
Imperial Age
RankedLock teamsTeams togetherTeam positionsShared explorationLock speedFull tech treeHidden civsTurbo modeCheats
Victory
Defeat
🇮🇹 Romans · Italy
2485
+17
🇧🇪 Georgians · Belgium
2511
-17
RoR | Vodka_L_2
8:41 Loom
11:04 Feudal Age
11:50 Double-Bit Axe
12:11 Horse Collar
16:28 Fletching
20:19 Castle Age
19:16 Gold Mining
21:45 Bodkin Arrow
22:45 Bow Saw
24:03 Wheelbarrow
25:56 Gold Shaft Mining
28:06 Scale Barding Armor
28:32 Bloodlines
28:59 Husbandry
Macluffy
4:31 Loom
10:49 Feudal Age
10:52 Man-at-Arms
11:59 Arson
15:51 Fletching
17:48 Scale Mail Armor
23:48 Castle Age
22:28 Padded Archer Armor
22:38 Horse Collar
22:49 Double-Bit Axe
23:56 Elite Skirmisher
24:32 Bodkin Arrow
25:07 Bow Saw
26:35 Wheelbarrow
27:00 Town Watch
Connection lost

Rejoining the realm…

Still unreachable

The connection could not be restored.

Session expired

The server has moved on; the page needs a fresh start.